cohdb
Replays
Latest Replays
All Replays
Popular Replays
Top Player Replays
Match Explorer
How It Works
Community
CoH3 Stats
Reddit
Sign in to upload your games and track your stats! →
Sign in with Steam
Match 41630628
Unlisted
Match 41630628
Overview
Messages
Build Orders
End
Construct Infanterie Kompanie
Kettenkrad Recon Vehicle
Grenadier Squad
Selects Breakthrough Battlegroup
MG 42 Machine Gun Team
Grenadier Squad
Infanterie Officer Quarters
Sniper
Construct Luftwaffe Kompanie
Flak 30 Anti-aircraft Gun Team
Jäger Squad
Support Elements
Wirbelwind Flakpanzer
Selects Assault Grenadiers
Selects Rapid Production
Marder III M Tank Destroyer
Luftwaffe Officer Quarters
Marder III M Tank Destroyer
Medical Bunker
Selects Blitzkrieg
Jäger Squad
GrW 34 Mortar Team
Jäger Squad
Marder III M Tank Destroyer
Marder III M Tank Destroyer
Selects Tiger Heavy Tank
Tiger Heavy Tank
Marder III M Tank Destroyer
KevinTDW
vsatanner
demonicghost
Warpeace
0
0
Comments
sign in to comment!
No comments posted yet!